 Dungeon Crawl Stone Soup version 0.26-a0-854-gdc81c2f471 (webtiles) character file.

Game seed: 13548602294924503980

1957 Rennog the Basher (level 9, -3/64 HPs)
             Began as a Formicid Fighter on Nov 23, 2020.
             Was an Initiate of the Shining One.
             Slain by a two-headed ogre
             ... wielding a +0 giant spiked club
              (18 damage)
             ... on level 6 of the Dungeon.
             The game lasted 00:14:52 (8174 turns).

Rennog the Basher (Formicid Fighter)                Turns: 8174, Time: 00:14:53

Health: -3/64      AC: 15    Str: 22    XL:     9   Next: 42%
Magic:  9/9        EV:  4    Int:  7    God:    the Shining One [......]
Gold:   432        SH: 10    Dex: 19    Spells: 8/8 levels left

rFire    . . .     SeeInvis +   a - +0 flail
rCold    . . .     Faith    .   c - +0 kite shield
rNeg     . . .     Spirit   .   o - +0 plate armour
rPois    .         Reflect  .   (helmet unavailable)
rElec    .         Harm     .   p - +2 cloak
rCorr    .         Rampage  .   e - +0 pair of gloves
MR       .....                  (no boots)
Stlth    ..........             (no amulet)
HPRegen  0.20/turn              D - +6 ring of dexterity
MPRegen  0.11/turn              E - ring of wizardry

@: glowing
A: permanent stasis, dig shafts and tunnels, four strong arms, antennae 3
a: Dig, Shaft Self, Renounce Religion


You were on level 6 of the Dungeon.
You worshipped the Shining One.
The Shining One was noncommittal.
You visited 2 branches of the dungeon, and saw 7 of its levels.
You also visited: Sewer.

You collected 530 gold pieces.
You spent 98 gold pieces at shops.

Inventory:

Hand Weapons
 a - a +0 flail (weapon)
Armour
 b - a +0 scale mail
 c - a +0 kite shield (worn)
 e - a +0 pair of gloves (worn)
 o - a +0 plate armour (worn)
 p - a +2 cloak (worn)
 q - a +0 cloak
Jewellery
 k - an uncursed amulet of magic regeneration
 y - an uncursed ring of protection from fire
 D - a +6 ring of dexterity (left hand)
 E - a ring of wizardry (right hand)
 G - an uncursed amulet of faith {unknown}
Wands
 m - a wand of flame (20)
 w - a wand of disintegration (12)
Scrolls
 f - 2 scrolls of enchant weapon
 g - 6 scrolls of remove curse
 h - 2 scrolls of enchant armour
 i - 2 scrolls of teleportation
 n - 2 scrolls of noise
 r - 3 scrolls of amnesia {unknown}
 s - 3 scrolls of magic mapping
 t - 3 scrolls of fear
 v - 2 scrolls of fog {unknown}
 x - a scroll of blinking {unknown}
Potions
 d - 2 potions of might
 j - a potion of resistance {unknown}
 l - 2 potions of attraction {unknown}
 u - a potion of heal wounds {unknown}
 z - a potion of degeneration {unknown}
 A - a potion of brilliance {unknown}
 B - a potion of berserk rage {unknown}
 C - a potion of curing
 F - a potion of cancellation {unknown}


   Skills:
 - Level 3.2 Fighting
 + Level 11.6 Maces & Flails
 - Level 3.2 Armour
 - Level 3.6 Shields


You had 8 spell levels left.
You didn't know any spells.
Your spell library was empty.

Dungeon Overview and Level Annotations

Branches:
Dungeon (6/15)             Temple (1/1) D:6           Sewer (visited)

Altars:
Ashenzari
Cheibriados
Dithmenos
Elyvilon
Fedhas
Hepliaklqana
Makhleb
Nemelex Xobeh
Okawaru
Qazlal
Ru
Sif Muna
Uskayaw
Vehumet
Wu Jian
Yredelemnul
Zin
The Shining One

Shops:
D:4 ?   D:6 [


Innate Abilities, Weirdness & Mutations

You cannot be hasted, slowed, berserked, paralysed or teleported.
You can dig through walls and to a lower floor.
Your four strong arms can wield two-handed weapons with a shield.
You have a pair of large antennae on your head. (SInv)


Message History

The two-headed ogre is lightly wounded.
You block the two-headed ogre's attack.
The two-headed ogre hits you with a +0 giant club.
You hit the two-headed ogre.
The two-headed ogre is lightly wounded.
The two-headed ogre hits you with a +0 giant spiked club!
The two-headed ogre hits you with a +0 giant club.
You hit the two-headed ogre but do no damage.
The two-headed ogre is lightly wounded.
You hit the two-headed ogre.
The two-headed ogre is lightly wounded.
The two-headed ogre hits you with a +0 giant spiked club!
You block the two-headed ogre's attack.
You are too injured to fight recklessly!
You sock the two-headed ogre!
The two-headed ogre is moderately wounded.
The two-headed ogre hits you with a +0 giant spiked club!
* * * LOW HITPOINT WARNING * * *
The two-headed ogre hits you with a +0 giant club!!
You die...

##..#####...#.....(......#
#### ##...#..........##
#...##.........# #
##..#####.....## ### ##..#
###..## ##.. #..## ####
##..# ###..## ##..##
##....O## ##..##
###......@### ###..#.##
#...........# ##..#.....
#............#####..#......
#........[.........#.......
######......#####..........
###.#### ##......... ##.##
##.####### ##.## #..##
########..# ##..##


You could see a two-headed ogre.

Vanquished Creatures
  Pikel (D:6)
  A sky beast (D:6)
  2 ice beasts
  A centaur (D:5)
  2 bullfrogs (D:6)
  3 scorpions
  A howler monkey (D:5)
  A bullfrog skeleton (D:6)
  3 orc priests
  A centaur skeleton (D:4)
  9 worker ants
  3 orc wizards
  Robin (D:3)
  A gnoll (D:1)
  5 river rats
  15 adders
  3 ufetubi
  An ooze (D:4)
  2 adder skeletons
  3 worms
  2 dart slugs (D:3)
  2 leopard geckos
  17 orcs
  11 bats
  7 giant cockroaches
  11 hobgoblins
  7 jackals
  5 quokkas
  6 ball pythons
  12 frilled lizards
  16 goblins
  11 kobolds
  A leopard gecko skeleton (D:3)
  15 rats
182 creatures vanquished.

Notes
Turn   | Place    | Note
-------+----------+-------------------------------------------
     0 | D:1      | Rennog the Formicid Fighter began the quest for the Orb.
     0 | D:1      | Reached XP level 1. HP: 18/18 MP: 1/1
    94 | D:1      | Reached XP level 2. HP: 20/24 MP: 2/2
   352 | D:1      | Reached skill level 3 in Maces & Flails
   589 | D:1      | Reached XP level 3. HP: 29/29 MP: 3/3
  1120 | D:2      | Reached skill level 4 in Maces & Flails
  1120 | D:2      | Reached XP level 4. HP: 28/35 MP: 4/4
  1397 | D:2      | Found a burning altar of Makhleb.
  1712 | D:2      | Reached XP level 5. HP: 41/41 MP: 5/5
  1929 | D:2      | Reached skill level 5 in Maces & Flails
  2760 | D:2      | Reached XP level 6. HP: 43/47 MP: 6/6
  2879 | D:3      | Noticed Robin
  3122 | D:3      | Killed Robin
  3123 | D:3      | Reached skill level 6 in Maces & Flails
  3981 | D:4      | Reached skill level 7 in Maces & Flails
  3981 | D:4      | Reached XP level 7. HP: 45/52 MP: 7/7
  4090 | D:4      | Found a stormy altar of Qazlal.
  4299 | D:4      | Found a glowing drain.
  4339 | Sewer    | Entered a sewer
  5162 | D:4      | Reached skill level 8 in Maces & Flails
  5810 | D:4      | Found Nerriofe's Magic Scroll Boutique.
  5815 | D:4      | Bought a scroll of magic mapping for 38 gold pieces
  5815 | D:4      | Bought a scroll of identify for 22 gold pieces
  5815 | D:4      | Bought a scroll of fear for 38 gold pieces
  5885 | D:5      | Entered Level 5 of the Dungeon
  5939 | D:5      | Reached XP level 8. HP: 50/58 MP: 8/8
  6420 | D:5      | Reached skill level 9 in Maces & Flails
  6981 | D:5      | Found a glowing silver altar of Zin.
  7131 | D:6      | Noticed Pikel
  7145 | D:6      | Killed Pikel
  7146 | D:6      | Reached skill level 10 in Maces & Flails
  7146 | D:6      | Reached XP level 9. HP: 55/64 MP: 9/9
  7252 | D:6      | Reached skill level 11 in Maces & Flails
  7537 | D:6      | Noticed a two-headed ogre
  7800 | D:6      | Found Vegaet's Armour Boutique.
  7986 | D:6      | Found a staircase to the Ecumenical Temple.
  8024 | Temple   | Entered the Ecumenical Temple
  8074 | Temple   | Became a worshipper of the Shining One
  8174 | D:6      | Slain by a two-headed ogre

Illustrated notes

Levels and vault maps discovered:
D:1:      enne_arrival_octagon_isle, layout_loops_ring, palyth_stone_intersect,
          minmay_pentomino_o4
D:2:      layout_loops_ring, overflow_temple_1_default, st_stairs_3
D:3:      layout_loops_ring, minmay_misc_feat_encased, uniq_robin
D:4:      minmay_general_purpose_star, layout_basic, gup_sewer_entry_bubbles,
          serial_shops, kennysheep_little_box, nicolae_qazlal_eye_of_the_storm
D:5:      layout_cave_pools, zin_scriptorium
D:6:      layout_cave_pods, minmay_temple_entry_large_hall, serial_shops,
          nicolae_shop_crystal, uniq_pikel
Temple:   nicolae_temple_x_marks_the_god

Skill      XL: |  1  2  3  4  5  6  7  8  9 |
---------------+----------------------------+-----
Maces & Flails | 3 4 5 7 8 10 11 | 11.6
Fighting       | |  3.2
Armour         | |  3.2
Shields        | |  3.6

Action                   |  1- 3 |  4- 6 |  7- 9 || total
-------------------------+-------+-------+-------++-------
Melee: Flail             |    98 |   267 |   399 ||   764
  Use: Potion            |       |     3 |     3 ||     6
       Scroll            |       |       |     5 ||     5
 Stab: Invisible         |       |     2 |       ||     2
Armor: Scale mail        |    58 |   107 |       ||   165
       Skin              |       |     4 |       ||     4
       Plate armour      |       |    15 |   191 ||   206
Dodge: Dodged            |    32 |    77 |    61 ||   170
Block: Kite shield       |    51 |   162 |   193 ||   406

Table legend: (Time is in decaauts)
 A = Elapsed time spent in this place.
 B = Non-inter-level travel time spent in this place.
 C = Inter-level travel time spent in this place.
 D = Time resting spent in this place.
 E = Time spent auto-exploring this place.
 F = Levels seen in this place.
 G = Mean time per level.
                   A        B        C        D        E       F      G
               +--------+--------+--------+--------+--------+-----+--------+
         Total |   8351 |   7859 |    492 |   1667 |   4675 |   8 | 1043.9 |
       Dungeon |   7641 |   7159 |    482 |   1667 |   4161 |   6 | 1273.5 |
        Temple |     54 |     44 |     10 |      0 |     42 |   1 |   54.0 |
         Sewer |    655 |    655 |      0 |      0 |    471 |   1 |  655.0 |
               +--------+--------+--------+--------+--------+-----+--------+

Top non-repeatable levels by time:
     D:2: 1779 daAuts
     D:5: 1418 daAuts
     D:4: 1410 daAuts
     D:1: 1400 daAuts
     D:3: 823 daAuts
     D:6: 808 daAuts
   Sewer: 655 daAuts
  Temple: 54 daAuts
